 Dungeon Crawl Stone Soup version 0.30-a0-1160-g6e42c06551 (webtiles) character file.

Game seed: 13159676856985875237

3 Ihaveafatcat the Shield-Bearer (level 1, 0/3 HPs)
             Began as a Deep Elf Fighter on Apr 25, 2023.
             Slain by a hobgoblin (1 damage)
             ... on level 2 of the Dungeon.
             The game lasted 00:02:22 (8007 turns).

Ihaveafatcat the Shield-Bearer (Deep Elf Fighter)   Turns: 8007, Time: 00:02:22

Health: 0/3        AC:  6    Str: 13    XL:     1   Next: 41%
Magic:  3/3        EV:  8    Int: 12    God:
Gold:   0          SH:  4    Dex: 14    Spells: 0/0 levels left

rFire   . . .        a - +0 rapier
rCold   . . .        c - +0 buckler
rNeg    . . .        b - +0 scale mail
rPois   .            (no helmet)
rElec   .            (no cloak)
rCorr   .            (no gloves)
SInv    .            (no boots)
Will    .....        (no amulet) Stlth
                     (no ring)
HPRegen 0.20/turn    (no ring)
MPRegen 0.08/turn

%: no passive effects
@: no status effects
A: no striking features
a: no special abilities


You were on level 2 of the Dungeon.
You visited 1 branch of the dungeon, and saw 2 of its levels.

Inventory:

Hand Weapons
 a - a +0 rapier (weapon)
Armour
 b - a +0 scale mail (worn)
 c - a +0 buckler (worn)
Scrolls
 e - 2 scrolls of blinking {unknown}
Potions
 d - a potion of might


   Skills:
 + Level 2.4 Fighting
 + Level 2.1 Short Blades
 + Level 2.4 Armour
 + Level 2.4 Shields


You couldn't memorise any spells.
You didn't know any spells.
Your spell library was empty.

Dungeon Overview and Level Annotations

Branches:
Dungeon (2/15)

Altars:


Message History

Really rest while Zot is near?
You start waiting.
Zot draws nearer.
Dive deeper or flee this branch before you suffer!
Really rest while Zot is near?
You start waiting.
Done waiting.
Really rest while Zot is near?
Uppercase [Y]es or [N]o only, please.
Really rest while Zot is near?
You start waiting.
Done waiting.
Really rest while Zot is near?
You start waiting.
Done waiting.
Really rest while Zot is near?
You start waiting.
Done waiting.
Zot has nearly found you.
Suffering is imminent.
Descend or flee this branch!
Really rest while Zot is near?
You start waiting.
Zot's power touches on you...
You have lingered too long.
Zot senses you.
Dive deeper or flee this branch before you suffer!
You climb downwards.
As you enter the new level, Zot loses track of you.
The hobgoblin shouts!
You hear an angry hiss.
Found 16 gold pieces, a scroll labelled NUZEBA RUQI and a mace.
There is a stone staircase leading up here.
Found a stone staircase leading up.
You see here a scroll labelled NUZEBA RUQI.
There is a stone staircase leading up here.
You hit the hobgoblin.
The hobgoblin is moderately wounded.
The hobgoblin hits you.
Ouch! That really hurt!
A ball python comes into view.
The ball python hisses angrily.
You hit the hobgoblin.
The hobgoblin is almost dead.
The hobgoblin hits you.
You die...

#. ... #..
.... #..♣
♣♣# <....
..♣♣♣.#
S....
.....##.....
#..........
#.....$....
#..@g......
#..........
#..?)......
#...♣.♣....
#..........
####♣.♣##..
.# . ♣


You could see a hobgoblin and a ball python.

Vanquished Creatures
  A giant cockroach (D:1)
  A goblin (D:1)
  A bat (D:1)
3 creatures vanquished.

Notes
Turn   | Place    | Note
-------+----------+-------------------------------------------
     0 | D:1      | Ihaveafatcat the Deep Elf Fighter began the quest for the
                  | Orb.
     0 | D:1      | Reached XP level 1. HP: 13/13 MP: 3/3
  5000 | D:1      | Glimpsed the power of Zot.
  5499 | D:1      | Glimpsed the power of Zot.
  5899 | D:1      | Glimpsed the power of Zot.
  5999 | D:1      | Touched by the power of Zot.
  6000 | D:1      | Glimpsed the power of Zot.
  6500 | D:1      | Glimpsed the power of Zot.
  6900 | D:1      | Glimpsed the power of Zot.
  6999 | D:1      | Touched by the power of Zot.
  7000 | D:1      | Glimpsed the power of Zot.
  7500 | D:1      | Glimpsed the power of Zot.
  7900 | D:1      | Glimpsed the power of Zot.
  7999 | D:1      | Touched by the power of Zot.
  8000 | D:1      | Glimpsed the power of Zot.
  8007 | D:2      | Slain by a hobgoblin

Illustrated notes

Levels and vault maps discovered:
D:1:      wander_arrival_peaceful_grave, layout_basic, minmay_misc_feat_iff,
          minmay_misc_feat_diagonals
D:2:      layout_basic, serial_forest, infiniplex_forest_lined_3,
          infiniplex_forest_straight_5, infiniplex_forest_clump_diagonal,
          infiniplex_forest_clump_long, infiniplex_forest_lined_room_,
          infiniplex_forest_end_1, infiniplex_forest_end_1,
          infiniplex_forest_clump_long, kennysheep_nondescript,
          dreamdust_princess_bridge, minmay_cupped

Action                     || total
---------------------------++-------
  Melee: Rapier            ||     6
 Armour: Scale mail        ||     4
  Dodge: Dodged            ||     3
  Block: Buckler           ||     3

Table legend: (Time is in decaauts)
 A = Elapsed time spent in this place.
 B = Non-inter-level travel time spent in this place.
 C = Inter-level travel time spent in this place.
 D = Time resting spent in this place.
 E = Time spent auto-exploring this place.
 F = Levels seen in this place.
 G = Mean time per level.
                   A        B        C        D        E       F      G
               +--------+--------+--------+--------+--------+-----+--------+
         Total |   8007 |   8007 |      0 |   7874 |      0 |   2 | 4003.5 |
       Dungeon |   8007 |   8007 |      0 |   7874 |      0 |   2 | 4003.5 |
               +--------+--------+--------+--------+--------+-----+--------+

Top non-repeatable levels by time:
     D:1: 8001 daAuts
     D:2: 5 daAuts
